Map: Shrines of Lizul

Players

ILIEKEGGPIE

  • Race: Protoss Protoss
  • League: Platinum
  • Spawn Location: 12:00

CherryCoco

  • Race: Zerg Zerg
  • Spawn Location: 3:00

starchiff - Winner!

  • Race: Zerg Zerg
  • League: Gold
  • Spawn Location: 9:00

pupsoid - Winner!

  • Race: Zerg Zerg
  • League: Platinum
  • Spawn Location: 6:00

VOD

Have the link to the VOD?

Description

Time

  • Played on: May 21, 2018, 6:49 p.m.
  • Length: 12:00
Show
View Real Time Build Order
Export as new Build Order

ILIEKEGGPIE Protoss 

Build Orders: Oracle Opening 

Get SALT Encoding   

  12  0:00  Probe  
  13  0:13  Probe  
  14  0:21  Pylon  
  14  0:25  Probe  
  15  0:39  Probe  
  16  0:45  Gateway  
  16  0:51  Probe  
  16  0:53  Assimilator  
  17  1:03  Probe  
  18  1:10  Gateway  
  18  1:15  Pylon, Probe  
  19  1:27  Probe  
  20  1:33  Cybernetics Core  
  20  1:39  Probe  
  21  1:42  Assimilator  
  21  1:52  Probe  
  22  2:01  Adept x2  
  22  2:02  Warp Gate  
  22  2:04  Probe  
  27  2:33  Stargate  
  27  2:45  Pylon  
  27  3:07  Oracle  
  25  3:19  Adept x2  
  30  3:24  Gateway  
  30  3:26  Gateway  
  30  3:29  Gateway  
  30  3:31  Shield Battery  
  30  4:11  Phoenix  
  29  4:27  Adept x2  
  33  4:35  Stargate  
  33  4:58  Phoenix  
  35  5:12  Forge  
  35  5:17  Nexus  
  35  5:18  Pylon  
  35  5:19  Pylon  
  35  5:27  Pylon  
  35  5:29  Pylon  
  35  5:31  Phoenix  
  35  5:35  Phoenix  
  39  5:42  Protoss Ground Weapons Level 1  
  39  5:49  Probe  
  35  6:23  Phoenix x2  
  39  6:37  Pylon  
  39  6:38  Probe  
  39  6:47  Probe, Photon Cannon  
  40  6:48  Gateway x2  
  39  6:55  Phoenix  
  39  6:56  Probe  
  40  7:16  Adept x4  
  48  7:24  Void Ray x2  
  56  7:51  Probe  
  57  8:03  Probe  
  58  8:09  Void Ray x2  
  66  8:15  Probe  
  67  8:47  Void Ray x2  
  65  8:53  Stalker x2  
  75  9:45  Adept  
  77  9:49  Pylon  
  77  9:51  Pylon  
  77  9:57  Pylon x2  
  77  10:12  Pylon  
  77  10:14  Pylon  
  77  10:35  Stalker x3, Adept x2  
  83  10:36  Sentry x2  
  91  10:44  Gateway  
  91  10:46  Probe x2  
  93  10:50  Void Ray  
  97  10:58  Probe  
  66  11:30  Adept x2  
  76  11:42  Adept x2  
  76  11:43  Adept  
Show
View Real Time Build Order
Export as new Build Order

CherryCoco Zerg 

Build Orders: Pool First 

Get SALT Encoding   

  12  0:01  Drone  
  13  0:14  Overlord  
  13  0:18  Drone  
  14  0:35  Drone x2  
  16  0:46  Spawning Pool  
  16  0:48  Drone  
  16  0:57  Drone, Extractor  
  16  1:04  Drone  
  16  1:09  Drone  
  18  1:36  Zergling x4  
  20  1:41  Zergling x2  
  20  1:43  Hatchery  
  20  1:48  Queen  
  22  1:55  Overlord  
  22  2:06  Metabolic Boost  
  22  2:14  Drone x2  
  24  2:34  Drone, Extractor  
  24  2:35  Overlord  
  23  2:54  Drone  
  22  3:09  Zergling x8  
  22  3:10  Drone x2  
  28  3:14  Spine Crawler  
  27  3:21  Roach Warren  
  27  3:26  Drone x2  
  28  3:28  Evolution Chamber  
  27  3:35  Queen  
  27  3:41  Drone  
  30  3:43  Drone  
  31  3:56  Overlord  
  31  3:58  Drone x2  
  31  4:00  Drone  
  34  4:04  Drone  
  34  4:08  Drone  
  36  4:18  Drone x3  
  39  4:25  Zerg Melee Weapons Level 1  
  39  4:37  Queen  
  41  4:46  Roach  
  41  4:47  Roach x4  
  41  4:52  Overlord  
  51  5:00  Zergling x2  
  52  5:08  Spine Crawler  
  52  5:11  Zergling x12  
  57  5:41  Drone x3  
  60  5:44  Overlord  
  60  5:46  Overlord  
  60  5:49  Extractor  
  59  5:51  Extractor  
  58  6:00  Zergling x2  
  58  6:01  Zergling x6  
  56  6:07  Zergling x2  
  56  6:08  Zergling x12  
  49  6:12  Queen  
  49  6:13  Queen  
  50  6:19  Zerg Missile Weapons Level 1  
  47  6:25  Zergling x2  
  42  6:35  Roach x3  
  22  6:47  Roach x3  
Show
View Real Time Build Order
Export as new Build Order

starchiff Zerg - Winner!

Build Orders: Hatch First 

Get SALT Encoding   

  12  0:06  Drone  
  13  0:13  Overlord  
  13  0:21  Drone  
  14  0:38  Drone x2  
  14  0:40  Drone  
  17  0:58  Hatchery  
  17  1:02  Drone x2  
  18  1:07  Extractor  
  17  1:20  Spawning Pool  
  17  1:25  Drone  
  17  1:33  Drone x2  
  19  1:45  Drone  
  20  2:07  Overlord  
  20  2:09  Queen  
  20  2:11  Queen  
  20  2:14  Zergling x2  
  25  2:23  Zergling x4  
  25  2:25  Metabolic Boost  
  27  2:35  Zergling x4  
  28  2:38  Zergling x2  
  27  2:46  Zergling x2  
  27  3:03  Zergling x6  
  24  3:13  Zergling x4  
  26  3:24  Drone x2, Zergling x6  
  31  3:39  Queen  
  33  3:46  Zergling x2  
  34  3:56  Drone  
  28  4:30  Spore Crawler  
  27  4:36  Spore Crawler  
  26  4:57  Spore Crawler  
  25  5:07  Spore Crawler  
  25  5:10  Zergling x2  
  25  5:24  Zergling x2  
  26  5:41  Drone x2  
  19  6:11  Zergling x2  
  19  6:12  Drone, Zergling x2  
  18  6:37  Drone x2, Zergling x4  
  22  6:50  Drone x2  
  24  7:30  Drone x4  
  24  7:33  Overlord  
  28  8:16  Drone  
  28  8:17  Drone x2, Zergling x2  
  28  8:18  Spore Crawler x2, Zergling x2  
  31  8:20  Spore Crawler  
  31  8:24  Spore Crawler  
  29  8:27  Spore Crawler x2  
  29  8:28  Overlord  
  27  8:46  Lair  
  27  9:07  Queen  
  29  9:16  Drone x3  
  32  9:41  Overlord x2  
  32  9:59  Queen  
  34  10:00  Baneling Nest  
  34  10:02  Extractor  
  34  10:05  Drone x2, Zergling x2  
  34  10:06  Drone x2  
  34  10:07  Drone  
  38  10:25  Hydralisk Den  
  37  10:34  Queen x2  
  37  10:45  Drone x2  
  37  10:46  Drone x4  
  43  11:04  Overlord x2  
  43  11:21  Hydralisk  
  43  11:22  Hydralisk x2, Zergling x2  
  43  11:23  Zergling x4  
Show
View Real Time Build Order
Export as new Build Order

pupsoid Zerg - Winner!

Build Orders: Pool First 

Get SALT Encoding   

  12  0:10  Drone x2  
  14  0:32  Spawning Pool  
  14  0:34  Drone  
  14  0:41  Overlord  
  14  0:50  Extractor  
  14  0:51  Drone  
  14  1:00  Drone x2  
  16  1:13  Drone  
  17  1:19  Queen  
  17  1:23  Drone  
  20  1:41  Drone  
  21  1:48  Hatchery  
  20  2:11  Roach Warren  
  20  2:13  Drone x2  
  21  2:15  Overlord  
  21  2:40  Zergling x6  
  21  2:41  Zergling x2  
  25  2:52  Overlord  
  25  3:08  Roach x4  
  25  3:11  Queen  
  35  3:24  Roach x3  
  41  3:34  Metabolic Boost  
  41  3:38  Drone  
  41  3:39  Drone  
  43  3:42  Drone  
  44  3:49  Overlord  
  44  4:03  Spore Crawler  
  44  4:08  Drone x3  
  44  4:09  Spore Crawler  
  45  4:22  Roach  
  45  4:23  Roach x2  
  51  4:24  Drone  
  51  4:25  Overlord  
  52  4:39  Overlord  
  52  4:47  Drone x3  
  55  4:53  Roach x2  
  55  4:54  Overlord  
  55  4:56  Drone  
  55  4:57  Drone  
  61  5:06  Drone  
  62  5:09  Roach x2  
  62  5:10  Roach  
  62  5:12  Roach  
  70  5:23  Roach  
  70  5:24  Roach x2  
  70  5:26  Overlord  
  70  5:27  Overlord  
  76  5:39  Overlord  
  76  5:40  Overlord  
  76  5:52  Roach  
  76  5:53  Roach x4  
  85  6:08  Roach  
  85  6:09  Roach  
  78  6:38  Roach x3  
  78  6:39  Zergling x2  
  86  6:40  Zergling x4  
  85  6:59  Roach x2  
  68  7:30  Roach  
  68  7:31  Roach x3  
  67  8:09  Lair, Extractor  
  66  8:14  Extractor  
  66  8:15  Drone x3  
  66  8:16  Extractor  
  64  8:24  Spore Crawler  
  64  8:25  Spore Crawler, Hatchery  
  31  9:07  Spore Crawler  
  31  9:08  Spore Crawler, Drone x6  
  35  9:16  Hydralisk Den  
  34  9:19  Spore Crawler  
  34  9:24  Drone x6  
  39  9:44  Hydralisk x8  
  55  9:47  Zergling x4  
  55  9:49  Drone x2  
  59  9:56  Hydralisk  
  61  10:04  Hydralisk x2  
  64  10:10  Hydralisk  
  65  10:17  Spore Crawler  
  64  10:23  Extractor  
  64  10:24  Hydralisk x4, Extractor  
  70  10:40  Hydralisk x3  
  76  10:43  Zergling x8  
  76  10:44  Zergling x4  
  82  10:52  Drone  
  82  10:53  Drone x2  
  85  11:04  Hydralisk  
  85  11:05  Hydralisk x2  
  84  11:17  Hydralisk x6  
  84  11:18  Hydralisk  
  78  11:24  Hydralisk  
  67  11:28  Hydralisk x2  
  66  11:33  Hydralisk  
Tags
 
Add a new tag
Caveats
  • Supply blocks, unpowered buildings, or Contaminate may cause inaccurate times.
  • Supply counts are checked every 10 seconds.